Unix NetHack Version 5.0.0-0 post-release - last build Jun 10 2026 00:39:30 (3ee93aec679c4c4259841fe613dc97188e26a321,branch:main).

Game began 2026-07-03 21:36:45, ended 2026-07-03 22:30:10.

Enkindle23, chaotic female orcish Rogue

                                        --------
                                        |.`..|.---
                              ----------|....`...|
                              |.......|.|`.-.`.-.|
                              |.......|.`....-%..|
                              |.......|...|....-.|
                              |...<...|-.--.-....|
                              |.......|..........|
                            --|.......|...|...--d|
                            |.........|---|.-d.d@|
                            |.|------------....---
                            |.........%..u^>...|
                            --------------------

Enkindle23 the Rogue    St:14 Dx:17 Co:17 In:11 Wi:8 Ch:9  Chaotic
Dlvl:3  $:196 HP:0(49) Pw:14(14) AC:3  Xp:6 T:4257 

Latest messages:
 You are carrying too much to get through.
 You swap places with your coyote.
 You are carrying too much to get through.
 You are carrying too much to get through.
 You stop.  Your coyote is in the way!
 You swap places with Shadowfax.
 You descend the stairs.
 Shadowfax picks up a giant spider corpse.
 You climb up the stairs.
 You descend the stairs.
 Shadowfax drops a giant spider corpse.
 You swap places with Sokka.
 Shadowfax picks up a giant spider corpse.
 You escape a rolling boulder trap.
 The wolf bites!
 You hit the wolf!
 Click!  Sokka triggers a rolling boulder trap.
 The wolf bites!
 You hit the wolf.
 The wolf bites!
 The wolf bites!
 Click!  Sokka triggers a rolling boulder trap.
 Shadowfax drops a giant spider corpse.
 Click!  The coyote triggers a rolling boulder trap.
 What do you want to zap? [hrzV or ?*] ?
 In what direction? 4
 Status of the wolf (neutral, medium):  Level 5  HP 16(25)  AC 4.
 The wolf is not carrying anything.
 Status of the wolf (neutral, medium):  Level 5  HP 25(25)  AC 4.
 The wolf is not carrying anything.
 Status of the wolf (neutral, medium):  Level 5  HP 11(11)  AC 4.
 The wolf is not carrying anything.
 The wolf bites!
 You miss the wolf.
 The wolf bites!
 You miss the wolf.
 The wolf bites!
 What do you want to zap? [hrzV or ?*] ?
 Never mind.
 You hit the wolf!
 The wolf bites!
 You hit the wolf.
 The wolf bites!
 The wolf bites!
 You die...
 Do you want your possessions identified? [ynq] (y) y
 Do you want to see your attributes? [ynq] (y) y
 Do you want an account of creatures vanquished? [ynaq] (y) y
 Do you want to see your conduct and achievements? [ynq] (y) y
 Do you want to see the dungeon overview? [ynq] (y) y

Inventory:
 Coins    ('$')
  $ - 196 gold pieces
 Weapons  (')')
  l - a cursed -2 orcish bow
  o - 12 +0 darts
  g - 13 +0 orcish daggers (at the ready)
  A - a +0 orcish dagger (alternate weapon; not wielded)
  a - a +0 orcish short sword (weapon in right hand)
 Armor    ('[')
  Z - an uncursed +0 orcish helm (being worn)
  B - an uncursed +0 pair of gauntlets of dexterity (being worn)
  d - an uncursed +1 pair of low boots (being worn)
  c - an uncursed +1 leather armor (being worn)
 Comestibles  ('%')
  s - an uncursed banana
  U - 5 uncursed food rations
  x - an uncursed tin of french fried orc meat
 Scrolls  ('?')
  i - 2 uncursed scrolls of confuse monster
  j - an uncursed scroll of create monster
  W - a blessed scroll of earth
  X - an uncursed scroll of earth
  L - an uncursed scroll of identify
  E - an uncursed scroll of teleportation
 Spellbooks  ('+')
  P - an uncursed spellbook of magic missile
  N - an uncursed spellbook of sleep
 Rings    ('=')
  D - a cursed -1 ring of adornment
  Y - a cursed -2 ring of adornment
  y - an uncursed ring of shock resistance
  t - an uncursed ring of stealth
  v - an uncursed ring of warning
 Wands    ('/')
  z - a wand of create monster (0:13)
  r - a wand of probing (0:3)
  V - a blessed wand of secret door detection (0:11)
  h - a wand of undead turning (0:7)
 Tools    ('(')
  f - an empty uncursed sack
  e - an uncursed lock pick
  p - a cursed skeleton key
 Gems/Stones  ('*')
  R - an uncursed topaz stone
  n - an uncursed worthless piece of red glass
  w - an uncursed worthless piece of white glass

Enkindle23 the Rogue's attributes:

Background:
 You were a Rogue, level 6 female orc.
 You were chaotic, on a mission for Kos
 who was opposed by Issek (lawful) and Mog (neutral).
 You were right-handed.
 You were in Sokoban, on level 3.
 You entered the dungeon 4257 turns ago.
 It was nighttime.
 You had 344 experience points, 296 more were needed to attain level 7.

Basics:
 You had 0 out of 49 hit points.
 You had all 14 energy points (spell power).
 Your armor class was 3.
 Your wallet contained 196 zorkmids.
 Autopickup was off.

Final Characteristics:
 Your strength was 14 (limit:18/50).
 Your dexterity was 17 (limit:18).
 Your constitution was 17 (peak:18, limit:18).
 Your intelligence was 11 (limit:16).
 Your wisdom was 8 (limit:16).
 Your charisma was 9 (limit:16).

Final Status:
 You weren't hungry.
 You were unencumbered.
 You were wielding a short sword.
 You were skilled in short sword.

Final Attributes:
 You were piously aligned.
 You were poison resistant.
 You were telepathic.
 You had infravision.
 You were stealthy.
 You were warded.
 You are dead (2nd time!).

Miscellaneous:
 You didn't encounter any bones levels.
 Total elapsed playing time was 53 minutes and 24 seconds.

Major events:
 Turn
    1: Enkindle23 the chaotic female orcish Rogue entered the dungeon
  331: attained the rank of Cutpurse (level 3)
 2068: entered the Gnomish Mines
 2429: entered Sokoban
 2724: completed 1st Sokoban level
 3256: completed 2nd Sokoban level
 3403: averted death (killed by a giant beetle)
 3406: attained the rank of Rogue (level 6)
 3958: completed 3rd Sokoban level
 4257: killed by a wolf

You didn't know any spells.

Skills:
 Fighting Skills
   bare handed combat [Unskilled]
   two weapon combat  [Unskilled]
   riding             [Unskilled]
 Weapon Skills
   dagger             [Basic]
   knife              [Unskilled]
   short sword        [Skilled]
   broadsword         [Unskilled]
   long sword         [Unskilled]
   two-handed sword   [Unskilled]
   saber              [Unskilled]
   club               [Unskilled]
   mace               [Unskilled]
   morning star       [Unskilled]
   flail              [Unskilled]
   hammer             [Unskilled]
   polearms           [Unskilled]
   spear              [Unskilled]
   crossbow           [Unskilled]
   dart               [Unskilled]
   shuriken           [Unskilled]
 Spellcasting Skills
   divination spells  [Unskilled]
   escape spells      [Unskilled]
   matter spells      [Unskilled]

Voluntary challenges:
 Character rerolling was not enabled.
 You never genocided any monsters.
 You never polymorphed an object.
 You used no wishes.
 You did not violate any of the special Sokoban rules.
Achievements:
 You entered a shop.
 You attained the rank of Cutpurse.
 You entered the Gnomish Mines.
 You entered Sokoban.
 You attained the rank of Rogue.

 The Dungeons of Doom: levels 1 to 6
    Level 1:
    Level 2:
       A potion shop.
    Level 3:
    Level 4:
       A general store, a fountain.
       Stairs down to The Gnomish Mines.
    Level 5:
    Level 6:
       Stairs up to Sokoban, level 5.
 The Gnomish Mines:
    Level 5:
 Sokoban: levels 5 up to 2
    Level 2:
       Unsolved.
    Level 3: <- You were here.
       Solved.
       Final resting place for
          you, killed by a wolf.
    Level 4:
       Solved.
    Level 5:
       Solved.


Vanquished creatures:
  2 small mimics
  2 giant beetles
  2 wolves
  a lynx
  a leprechaun
  a giant spider
  a werewolf
  a gnome mummy
  2 rock moles
  a fog cloud
  a gray ooze
  a ghoul
  2 giant ants
  a floating eye
  a rothe
  a giant bat
  4 dwarf zombies
  a wererat
  a werejackal
 an iguana
 an acid blob
  2 hobgoblins
  2 giant rats
  a yellow mold
  2 gnomes
  9 garter snakes
  a gnome zombie
  2 geckos
  4 jackals
  5 foxes
  5 sewer rats
  4 grid bugs
  a lichen
  a kobold zombie
68 creatures vanquished.

No species were genocided or became extinct.

Game over:
                       ----------
                      /          \
                     /    REST    \
                    /      IN      \
                   /     PEACE      \
                  /                  \
                  |    Enkindle23    |
                  |      196 Au      |
                  | killed by a wolf |
                  |                  |
                  |                  |
                  |                  |
                  |       2026       |
                 *|     *  *  *      | *
        _________)/\\_//(\/(/\)/\//\/|_)_______

Goodbye Enkindle23 the Rogue...

You died in Sokoban on dungeon level 3 with 1813 points,
and 196 pieces of gold, after 4257 moves.
You were level 6 with a maximum of 49 hit points when you died.

